SA
SYRACUSE STORM @ CALDWELL CHIEFS
06/30/2038
 
TOP OF THE 1ST
Syracuse Storm batting - Pitching for Caldwell Chiefs : RHP Ena Tuuta
Pitching: RHP Ena Tuuta
Batting: RHB Pat Kramer 0-0: Ball
1-0: Ground out 4-3 (Groundball, 4S, EV 76.9 MPH)
Batting: RHB John Billings 0-0: Ball
1-0: Called Strike
1-1: Ball
2-1: Ball
3-1: Base on Balls
Batting: LHB Ánibal Leobardo 0-0: Ball
1-0: Called Strike
1-1: Foul Ball, location: 2F
1-2: Ball
2-2: SINGLE (Flyball, 78M, EV 91.9 MPH)
John Billings to second
Batting: LHB Rick Newell 0-0: Fly out, F9 (Flyball, 9S, EV 81.9 MPH)
Batting: LHB Duff Eckstein 0-0: Ball
1-0: Ball
2-0: Ball
3-0: Base on Balls
John Billings to third
Ánibal Leobardo to second
Batting: LHB Kent Maxwell 0-0: Called Strike
0-1: Foul Ball, location: 2F
0-2: Strikes out looking
Top of the 1st over - 0 runs, 1 hit, 0 errors, 3 left on base; Syracuse 0 - Caldwell 0
BOTTOM OF THE 1ST
Caldwell Chiefs batting - Pitching for Syracuse Storm : LHP Sterling Wheeler
Pitching: LHP Sterling Wheeler
Batting: RHB Junji Ito 0-0: Called Strike
0-1: Foul Ball, location: 2F
0-2: Foul Ball, location: 2F
0-2: Ball
1-2: Ball
2-2: Foul Ball, location: 2F
2-2: Ball
3-2: Fly out, F6 (Popup, 6, EV 60.0 MPH)
Batting: RHB Sayed Walid 0-0: Ball
1-0: Fly out, F3 (Line Drive, 3, EV 69.4 MPH)
Batting: RHB Elias den Blick 0-0: Ball
1-0: Swinging Strike
1-1: Swinging Strike
1-2: Reached on error, E5 (Groundball, 5L, EV 81.9 MPH)
Batting: RHB Dean Shamakani 0-0: Called Strike
0-1: Ground out 4-3 (Groundball, 4, EV 80.6 MPH)
Bottom of the 1st over - 0 runs, 0 hits, 1 error, 1 left on base; Syracuse 0 - Caldwell 0
TOP OF THE 2ND
Syracuse Storm batting - Pitching for Caldwell Chiefs : RHP Ena Tuuta
Batting: LHB Jorge Mateu 0-0: Ball
1-0: Ball
2-0: Ball
3-0: Called Strike
3-1: Base on Balls
Batting: RHB Bob Hill 0-0: Ball
1-0: Ball
2-0: Swinging Strike
2-1: Ball
3-1: Called Strike
3-2: SINGLE (Flyball, 89M, EV 91.9 MPH)
Jorge Mateu to second
Jorge Mateu to third
Batting: RHB Martín Muñóz 0-0: Ball
1-0: Grounds into double play, 4-6-3 (Groundball, 4, EV 86.2 MPH)
Jorge Mateu scores
Batting: RHB Pat Kramer 0-0: Ball
1-0: Swinging Strike
1-1: Ball
2-1: Ball
3-1: Ground out 1-3 (Groundball, 13S, EV 65.6 MPH)
Top of the 2nd over - 1 run, 1 hit, 0 errors, 0 left on base; Syracuse 1 - Caldwell 0
BOTTOM OF THE 2ND
Caldwell Chiefs batting - Pitching for Syracuse Storm : LHP Sterling Wheeler
Batting: RHB Ricardo Urby 0-0: Called Strike
0-1: Ball
1-1: Ball
2-1: Foul Ball, location: 2F
2-2: Foul Ball, location: 2F
2-2: Foul Ball, location: 2F
2-2: Ball
3-2: Ground out 4-3 (Groundball, 4S, EV 83.8 MPH)
Batting: RHB Miguel Contreras 0-0: Ground out 6-3 (Groundball, 6, EV 81.9 MPH)
Batting: SHB Shing Li 0-0: Foul Ball, location: 2F
0-1: Ball
1-1: Fly out, F9 (Line Drive, 9, EV 98.8 MPH)
Bottom of the 2nd over - 0 runs, 0 hits, 0 errors, 0 left on base; Syracuse 1 - Caldwell 0
TOP OF THE 3RD
Syracuse Storm batting - Pitching for Caldwell Chiefs : RHP Ena Tuuta
Batting: RHB John Billings 0-0: Called Strike
0-1: Ball
1-1: Swinging Strike
1-2: Foul Ball, location: 2F
1-2: Ball
2-2: Ball
3-2: Foul Ball, location: 2F
3-2: Foul Ball, location: 2F
3-2: Base on Balls
Batting: LHB Ánibal Leobardo 0-0: Ball
1-0: Ball
2-0: Ball
3-0: Base on Balls
John Billings to second
Batting: LHB Rick Newell 0-0: SINGLE (Groundball, 3D, EV 93.8 MPH)
John Billings to third
Ánibal Leobardo to second
Batting: LHB Duff Eckstein 0-0: Ball
1-0: Swinging Strike
1-1: Fly out, F7 (Line Drive, 7, EV 88.1 MPH)
Runner from 3rd tags up, SCORES, throw by LF
Batting: LHB Kent Maxwell 0-0: Called Strike
0-1: Ball
1-1: Foul Ball, location: 2F
1-2: SINGLE (Groundball, 6D, EV 98.1 MPH)
Ánibal Leobardo to third
Rick Newell to second
Runner from 3rd tries for Home, SAFE, no throw by CF
Batting: LHB Jorge Mateu 0-0: Called Strike
0-1: Ball
1-1: Foul Ball, location: 2F
1-2: Foul Ball, location: 2F
1-2: Ball
2-2: Foul Ball, location: 2F
2-2: Foul Ball, location: 2F
2-2: Foul Ball, location: 2F
2-2: Fielders Choice at 2nd, 4-6 (Groundball, 4MS, EV 86.9 MPH)
Rick Newell to third
Batting: RHB Bob Hill 0-0: Called Strike
0-1: Foul Ball, location: 2F
0-2: Ball
1-2: Foul Ball, location: 2F
1-2: Ground out 6-3 (Groundball, 6, EV 87.5 MPH)
Top of the 3rd over - 2 runs, 2 hits, 0 errors, 2 left on base; Syracuse 3 - Caldwell 0
BOTTOM OF THE 3RD
Caldwell Chiefs batting - Pitching for Syracuse Storm : LHP Sterling Wheeler
Batting: RHB Jacob King 0-0: Ball
1-0: Ball
2-0: Ball
3-0: Base on Balls
Batting: RHB Chris Owen 0-0: Called Strike
0-1: SINGLE (Line Drive, 89S, EV 99.4 MPH)
Jacob King to second
Batting: RHB Junji Ito 0-0: Ball
1-0: Fielders Choice at 2nd, 4-6 (Groundball, 4, EV 85.6 MPH)
Jacob King to third
Batting: RHB Sayed Walid 0-0: Ball
1-0: Foul Ball, location: 2F
1-1: Fly out, F8 (Line Drive, 8LM, EV 105.0 MPH)
Batting: RHB Elias den Blick 0-0: Ball
1-0: Foul Ball, location: 2F
1-1: Foul Ball, location: 2F
1-2: DOUBLE (Line Drive, 9LS, EV 113.1 MPH)
Jacob King scores
Junji Ito to third
Batting: RHB Dean Shamakani 0-0: Called Strike
0-1: SINGLE (Groundball, 56D, EV 105.6 MPH)
Junji Ito scores
Elias den Blick to third
Runner from 3rd tries for Home, SAFE, throw by LF to home
Dean Shamakani to second
Batting: RHB Ricardo Urby 0-0: Called Strike
0-1: Ball
1-1: SINGLE (Flyball, 8LS, EV 88.8 MPH)
Dean Shamakani to third
Runner from 3rd tries for Home, throw by CF and OUT! 8-2
Bottom of the 3rd over - 3 runs, 4 hits, 0 errors, 1 left on base; Syracuse 3 - Caldwell 3
TOP OF THE 4TH
Syracuse Storm batting - Pitching for Caldwell Chiefs : RHP Ena Tuuta
Batting: RHB Martín Muñóz 0-0: Fly out, F9 (Line Drive, 9, EV 90.0 MPH)
Batting: RHB Pat Kramer 0-0: Ball
1-0: Called Strike
1-1: Foul Ball, location: 2F
1-2: Strikes out looking
Batting: RHB John Billings 0-0: Called Strike
0-1: Reached on error, E5 (Groundball, 56S, EV 68.8 MPH)
Batting: LHB Ánibal Leobardo 0-0: Ball
1-0: Ball
John Billings steals 2nd base
2-0: Ball
3-0: Called Strike
3-1: Fly out, F7 (Flyball, 7D, EV 101.9 MPH)
Top of the 4th over - 0 runs, 0 hits, 1 error, 1 left on base; Syracuse 3 - Caldwell 3
BOTTOM OF THE 4TH
Caldwell Chiefs batting - Pitching for Syracuse Storm : LHP Sterling Wheeler
Batting: RHB Miguel Contreras 0-0: Ball
1-0: Foul Ball, location: 2F
1-1: Foul Ball, location: 2F
1-2: SINGLE (Groundball, 6MD, EV 98.1 MPH)
Batting: SHB Shing Li 0-0: Ball
1-0: Swinging Strike
1-1: Ball
2-1: Foul Ball, location: 2F
2-2: Ground out 5-3 (Groundball, 56S, EV 75.6 MPH)
Miguel Contreras to second
Batting: RHB Jacob King 0-0: DOUBLE (Groundball, 5L, EV 101.2 MPH)
Miguel Contreras scores
Batting: RHB Chris Owen 0-0: Fly out, F8 (Flyball, 8LM, EV 73.8 MPH)
Batting: RHB Junji Ito 0-0: SINGLE (Flyball, 78M, EV 87.5 MPH)
Jacob King to third
Runner from 3rd tries for Home, SAFE, no throw by CF
Batting: RHB Sayed Walid 0-0: Ball
1-0: Ball
2-0: Ball
3-0: Called Strike
3-1: Foul Ball, location: 2F
3-2: Base on Balls
Junji Ito to second
Batting: RHB Elias den Blick 0-0: Called Strike
0-1: Ball
1-1: Ball
2-1: Foul Ball, location: 2F
2-2: Strikes out swinging
Bottom of the 4th over - 2 runs, 3 hits, 0 errors, 2 left on base; Syracuse 3 - Caldwell 5
TOP OF THE 5TH
Syracuse Storm batting - Pitching for Caldwell Chiefs : RHP Ena Tuuta
Batting: LHB Rick Newell 0-0: Ball
1-0: Ball
2-0: Called Strike
2-1: Ball
3-1: Foul Ball, location: 2F
3-2: Strikes out swinging
Batting: LHB Duff Eckstein 0-0: Ball
1-0: Foul Ball, location: 2F
1-1: Ball
2-1: Foul Ball, location: 2F
2-2: Ball
3-2: Strikes out swinging
Pitching: RHP Hirokumi Shimizu
Batting: LHB Kent Maxwell 0-0: Ball
1-0: Foul Ball, location: 2F
1-1: Swinging Strike
1-2: Foul Ball, location: 2F
1-2: Ball
2-2: SINGLE (Flyball, 9S, EV 89.4 MPH)
Batting: LHB Jorge Mateu 0-0: Called Strike
0-1: Ball
1-1: Ball
2-1: Ball
3-1: Foul Ball, location: 2F
3-2: SINGLE (Groundball, 4MD, EV 96.9 MPH)
Kent Maxwell to second
Kent Maxwell to third
Batting: RHB Bob Hill 0-0: Ball
1-0: Ball
2-0: Ball
3-0: Called Strike
3-1: Base on Balls
Jorge Mateu to second
Batting: RHB Martín Muñóz 0-0: Called Strike
0-1: Swinging Strike
0-2: Strikes out swinging
Top of the 5th over - 0 runs, 2 hits, 0 errors, 3 left on base; Syracuse 3 - Caldwell 5
BOTTOM OF THE 5TH
Caldwell Chiefs batting - Pitching for Syracuse Storm : LHP Sterling Wheeler
Batting: RHB Dean Shamakani 0-0: Ball
1-0: SINGLE (Flyball, 9LS, EV 94.4 MPH)
Batting: RHB Ricardo Urby 0-0: Ball
1-0: Called Strike
1-1: Ball
2-1: Called Strike
2-2: Foul Ball, location: 2F
2-2: Strikes out swinging
Batting: RHB Miguel Contreras 0-0: Ball
1-0: 2-RUN HOME RUN (Line Drive, 78XD, EV 104.4 MPH), Distance : 447 ft
Pitching: RHP José Martínez
Batting: SHB Shing Li 0-0: Called Strike
0-1: Called Strike
0-2: Ball
1-2: Foul Ball, location: 2F
1-2: Foul Ball, location: 2F
1-2: Fly out, F5 (Line Drive, 5, EV 69.4 MPH)
Batting: RHB Jacob King 0-0: Ball
1-0: Fly out, F5 (Popup, 5F, EV 69.4 MPH)
Bottom of the 5th over - 2 runs, 2 hits, 0 errors, 0 left on base; Syracuse 3 - Caldwell 7
TOP OF THE 6TH
Syracuse Storm batting - Pitching for Caldwell Chiefs : RHP Hirokumi Shimizu
Batting: RHB Pat Kramer 0-0: Ball
1-0: Ball
2-0: SOLO HOME RUN (Flyball, 7D, EV 98.8 MPH), Distance : 377 ft
Batting: RHB John Billings 0-0: Called Strike
0-1: Swinging Strike
0-2: Ball
1-2: Strikes out swinging
Batting: LHB Ánibal Leobardo 0-0: Ball
1-0: Ground out 5-3 (Groundball, 5, EV 86.9 MPH)
Batting: LHB Rick Newell 0-0: Ball
1-0: Ball
2-0: Ball
3-0: Called Strike
3-1: Base on Balls
Batting: LHB Duff Eckstein 0-0: Foul Ball, location: 2F
0-1: Fly out, F7 (Flyball, 7S, EV 83.8 MPH)
Top of the 6th over - 1 run, 1 hit, 0 errors, 1 left on base; Syracuse 4 - Caldwell 7
BOTTOM OF THE 6TH
Caldwell Chiefs batting - Pitching for Syracuse Storm : RHP José Martínez
Batting: RHB Chris Owen 0-0: Ball
1-0: Fly out, F7 (Flyball, 7D, EV 107.5 MPH)
Batting: RHB Junji Ito 0-0: Ball
1-0: Ball
2-0: Called Strike
2-1: Foul Ball, location: 2F
2-2: Ball
3-2: Foul Ball, location: 2F
3-2: Fly out, F9 (Line Drive, 89M, EV 85.6 MPH)
Batting: RHB Sayed Walid 0-0: Called Strike
0-1: Swinging Strike
0-2: Ball
1-2: Strikes out swinging
Bottom of the 6th over - 0 runs, 0 hits, 0 errors, 0 left on base; Syracuse 4 - Caldwell 7
TOP OF THE 7TH
Syracuse Storm batting - Pitching for Caldwell Chiefs : RHP Hirokumi Shimizu
Batting: LHB Kent Maxwell 0-0: Ball
1-0: Foul Ball, location: 2F
1-1: Foul Ball, location: 2F
1-2: Ball
2-2: Foul Ball, location: 2F
2-2: Strikes out swinging
Batting: LHB Jorge Mateu 0-0: Called Strike
0-1: Ground out 4-3 (Groundball, 4, EV 78.1 MPH)
Batting: RHB Bob Hill 0-0: Fly out, F7 (Flyball, 7, EV 91.2 MPH)
Top of the 7th over - 0 runs, 0 hits, 0 errors, 0 left on base; Syracuse 4 - Caldwell 7
BOTTOM OF THE 7TH
Caldwell Chiefs batting - Pitching for Syracuse Storm : RHP José Martínez
Batting: RHB Elias den Blick 0-0: Foul Ball, location: 2F
0-1: Ball
1-1: Fly out, F9 (Line Drive, 9, EV 93.1 MPH)
Batting: RHB Dean Shamakani 0-0: Swinging Strike
0-1: Ball
1-1: Swinging Strike
1-2: Ball
2-2: Ball
3-2: Strikes out swinging
Batting: RHB Ricardo Urby 0-0: Called Strike
0-1: Ball
1-1: Ball
2-1: Ball
3-1: Foul Ball, location: 2F
3-2: Base on Balls
Batting: RHB Miguel Contreras 0-0: Foul Ball, location: 2F
0-1: Ball
1-1: Ball
2-1: Swinging Strike
2-2: Ball
3-2: Fly out, F7 (Flyball, 7LMF, EV 91.2 MPH)
Bottom of the 7th over - 0 runs, 0 hits, 0 errors, 1 left on base; Syracuse 4 - Caldwell 7
TOP OF THE 8TH
Syracuse Storm batting - Pitching for Caldwell Chiefs : RHP Hirokumi Shimizu
Batting: RHB Martín Muñóz 0-0: Called Strike
0-1: Ball
1-1: Ball
2-1: Foul Ball, location: 2F
2-2: Foul Ball, location: 2F
2-2: Ball
3-2: Fly out, F8 (Flyball, 8RD, EV 100.0 MPH)
Batting: RHB Pat Kramer 0-0: Bunt for hit to P - play at first, batter safe!
Pitching: RHP Juan Colón
Batting: RHB John Billings 0-0: Ball
1-0: Ball
2-0: Called Strike
2-1: Called Strike
2-2: Strikes out swinging
Batting: LHB Ánibal Leobardo 0-0: Called Strike
0-1: Ball
1-1: Ball
2-1: SINGLE (Line Drive, 7S, EV 86.9 MPH)
Pat Kramer to second
Batting: LHB Rick Newell 0-0: Foul Ball, location: 2F
0-1: Foul Ball, location: 2F
0-2: Strikes out swinging
Top of the 8th over - 0 runs, 2 hits, 0 errors, 2 left on base; Syracuse 4 - Caldwell 7
BOTTOM OF THE 8TH
Caldwell Chiefs batting - Pitching for Syracuse Storm : RHP José Martínez
Batting: SHB Shing Li 0-0: Ball
1-0: Called Strike
1-1: Ball
2-1: Ball
3-1: Base on Balls
Batting: RHB Jacob King 0-0: Fielders Choice at 2nd, 6-4 (Groundball, 6, EV 83.8 MPH)
Batting: RHB Chris Owen 0-0: Ball
1-0: Called Strike
1-1: Fielders Choice at 2nd, 6-4 (Groundball, 6, EV 85.6 MPH)
Batting: RHB Junji Ito 0-0: Called Strike
0-1: Foul Ball, location: 2F
0-2: Ball
1-2: Ball
2-2: Foul Ball, location: 2F
2-2: Fly out, F8 (Flyball, 89M, EV 88.1 MPH)
Bottom of the 8th over - 0 runs, 0 hits, 0 errors, 1 left on base; Syracuse 4 - Caldwell 7
TOP OF THE 9TH
Syracuse Storm batting - Pitching for Caldwell Chiefs : RHP Juan Colón
Pitching: LHP Vasile Alexandrescu
Batting: LHB Duff Eckstein 0-0: Foul Ball, location: 2F
0-1: Ball
1-1: Foul Ball, location: 5F, Error on foul ball, E5
1-2: Foul Ball, location: 2F
1-2: Strikes out swinging
Pitching: RHP Rubén Medina
Batting: LHB Kent Maxwell 0-0: Ball
1-0: Ball
2-0: Ball
3-0: Called Strike
3-1: Base on Balls
Batting: LHB Jorge Mateu 0-0: Called Strike
0-1: Ball
1-1: Foul Ball, location: 2F
1-2: Foul Ball, location: 2F
1-2: Strikes out swinging
Batting: RHB Bob Hill 0-0: Ball
1-0: Ball
2-0: Ground out 5-3 (Groundball, 5D, EV 106.9 MPH)
Top of the 9th over - 0 runs, 0 hits, 1 error, 1 left on base; Syracuse 4 - Caldwell 7
Friday, April 17th, 2020 - OOTP Baseball 20.8 Build 74